 Dungeon Crawl Stone Soup version 0.31-a0-521-gc7390f8997 (webtiles) character file.

Game seed: 15227829359878922488

31075 kae the Mimic (level 13, 0/141 HPs)
             Began as a Black Draconian Shapeshifter on Aug 10, 2023.
             Was a Believer of Ru.
             Slain by a wolf spider (3 damage)
             ... while petrified by a basilisk
             ... on level 3 of the Lair of Beasts.
             The game lasted 00:14:30 (18874 turns).

kae the Mimic (Black Draconian Shapeshifter)       Turns: 18874, Time: 00:14:31

Health: 0/141      AC: 15    Str: 25    XL:     13   Next: 24%
Magic:  13/13      EV:  1    Int:  8    God:    Ru [**....]
Gold:   1467       SH:  0    Dex: 15    Spells: 12/12 levels left

rFire   . .          .
                       - Unarmed
rCold   . . .        (shield currently unavailable)
rNeg    + + +        (body armour unavailable)
rPois   ∞            (helmet currently unavailable)
rElec   .            (cloak currently unavailable)
rCorr   .            (gloves currently unavailable)
SInv    .            (boots currently unavailable)
Will    .....        (no amulet)
Stlth   +            O - +4 ring of protection
HPRegen 0.43/turn    P - ring of poison resistance
MPRegen 0.13/turn

%: no passive effects
@: lethally poisoned (0 -> 0), snake-form, petrified
A: constrict, boosted hp, (breathe lightning), AC +8, large, unfitting armour,
screaming 1, (electricity resistance), (cold-blooded), hated by all, no hexes
magic, no poison magic, no summoning magic
a: Begin Untransformation, Renounce Religion


You were on level 3 of the Lair of Beasts.
You worshipped Ru.
Ru was pleased with you.
You were an enormous anaconda.
You visited 3 branches of the dungeon, and saw 16 of its levels.

You collected 1557 gold pieces.
You spent 90 gold pieces at shops.


Innate Abilities, Weirdness & Mutations

You are an enormous anaconda.
You have a powerful constriction melee attack.
Your maximum health is increased.
You are immune to poison.
Your armour is entirely melded.
You are incapable of wielding weapons or throwing items.
((You can breathe wild blasts of lightning.))
((Your glossy black scales are hard. (AC +8)))
You cannot fit into any form of body armour.
You occasionally shout uncontrollably at your foes.
((You are resistant to electric shocks. (rElec)))
((You are cold-blooded and may be slowed by cold attacks.))
You are hated by all.
You cannot study or cast Hexes magic.
You cannot study or cast Poison magic.
You cannot study or cast Summoning magic.


   Skills:
 - Level 12.0 Fighting
 + Level 8.6 Dodging
 + Level 10.6 Unarmed Combat
 - Level 13.0 Shapeshifting


You had 12 spell levels left.
You didn't know any spells.
Your spell library contained the following spells:

 Spells                   Type           Power      Damage    Failure   Level
 Apportation              Tloc           0%         N/A       41%         1
 Freeze                   Ice            0%         1d3       41%         1
 Magic Dart               Conj           0%         1d3       41%         1
 Necrotise                Necr           0%         1d4       41%         1
 Searing Ray              Conj           0%         2d4       54%         2
 Wereblood                Tmut           0%         N/A       54%         2
 Frozen Ramparts          Ice            0%         1d1       78%         3
 Hailstorm                Conj/Ice       0%         3d3       78%         3
 Vampiric Draining        Necr           0%         2d6       78%         3
 Dispel Undead            Necr           0%         3d6       99%         4
 Agony                    Necr           0%         N/A       100%        5
 Freezing Cloud           Conj/Ice/Air   0%         6-21      100%        5
 Irradiate                Conj/Tmut      0%         3d11      100%        5
 Ignition                 Fire           0%         3d3       100%        8
 Summon Small Mammal      Summ           Unusable   N/A       N/A         1
 Cigotuvi's Dreadful Rot  Necr/Pois/Air  Unusable   N/A       N/A         2
 Poisonous Vapours        Pois/Air       Unusable   N/A       N/A         2
 Mephitic Cloud           Conj/Pois/Air  Unusable   N/A       N/A         3
 Fulminant Prism          Conj/Hex       Unusable   3d5       N/A         4
 Olgreb's Toxic Radiance  Pois           Unusable   N/A       N/A         4
 Death Channel            Necr           Unusable   N/A       N/A         6
 Discord                  Hex            Unusable   N/A       N/A         8

Inventory:

Missiles
 a - 2 atropa-tipped darts
 d - 136 stones
 m - 50 poisoned darts
 s - 6 silver javelins
 A - 4 javelins
 B - 5 curare-tipped darts {=f}
 E - 2 boomerangs
Magical Staves
 y - a staff of poison {!a}
   (You found it on level 8 of the Dungeon)
 G - a staff of earth {!a}
   (You found it on level 10 of the Dungeon)
 R - a staff of cold {!a}
   (You found it on level 2 of the Lair of Beasts)
Jewellery
 c - a ring of protection from cold
   (You found it on level 1 of the Lair of Beasts)
 v - a ring of see invisible
   (You found it on level 8 of the Dungeon)
 C - a ring of protection from cold
   (You found it on level 2 of the Dungeon)
 O - a +4 ring of protection (left hand)
   (You found it on level 2 of the Lair of Beasts)
 P - a ring of poison resistance (right hand)
   (You took it off an orc warrior on level 9 of the Dungeon)
 S - a +6 ring of strength
   (You found it on level 2 of the Dungeon)
 W - a ring of magical power
   (You found it on level 2 of the Lair of Beasts)
Talismans
 b - a beast talisman
 L - a serpent talisman (active)
   (You found it on level 11 of the Dungeon)
 N - a flux talisman
Wands
 j - a wand of polymorph (4)
   (You took it off Natasha on level 2 of the Dungeon)
 n - a wand of charming (37)
   (You found it on level 3 of the Dungeon)
 u - a wand of acid (8)
   (You found it on level 7 of the Dungeon)
 w - a wand of flame (46)
   (You found it on level 6 of the Dungeon)
 Q - a wand of roots (15)
   (You found it on level 2 of the Lair of Beasts)
Scrolls
 g - 5 scrolls of poison {!r}
 h - 2 scrolls of revelation
 l - 12 scrolls of identify {@r1}
 q - a scroll of fear
 t - a scroll of brand weapon
 x - a scroll of fog
 z - 3 scrolls of teleportation {@r4}
 I - 2 scrolls of immolation {!r!r}
 J - a scroll of vulnerability {!r!r}
 M - 3 scrolls of blinking {!r}
Potions
 e - 3 potions of invisibility
 f - 2 potions of mutation {!q}
 i - 3 potions of enlightenment
 k - a potion of haste {@q3}
 o - 3 potions of brilliance
 p - 5 potions of curing {@q1}
 r - a potion of berserk rage {!q}
 D - a potion of magic
 F - 4 potions of degeneration {!q}
 H - a potion of heal wounds {@q2}
 K - a potion of lignification {!q}

Dungeon Overview and Level Annotations

Branches:
Dungeon (12/15) Zot: 24966  Temple (1/1) D:4 Zot: 5962    Lair (3/5) D:9 Zot: 13970
  Swamp (0/4) Lair:2          Orc (0/2) D:12
  Snake: Lair:2-3    Spider: Lair:2-3

Altars:
Ashenzari
Cheibriados
Dithmenos
Elyvilon
Gozag
Kikubaaqudgha
Makhleb
Nemelex Xobeh
Okawaru
Qazlal
Ru
Sif Muna
Trog
Uskayaw
Vehumet
Wu Jian
Xom
Zin
The Shining One

Shops:
D:2 =   D:10 ?![

Annotations:
D:12 3 runed translucent doors, Vourys Keda's ghost, journeyman DECj

......###................
.......#.....##........##
..............#.......##
........†.....#.......#
........$....##......##
.....................#
P.P..PP..P..P....
.PP...PP#........
PP...SlSS#.......
PPPP.SSs##.......


PPPP.Sl## ....... PPP.P.. ....... P.....P ....... SP....P ....... .....P.
.##.##. ..!PPP# $.PPP# You could see a wolf spider, a komodo dragon (extremely
poisoned), a black mamba, a basilisk and 4 adders.


Message History

The wolf spider hits you but does no damage.
The wolf spider completely misses you.
The basilisk barely misses you. 😨 HP[-14]
You take 14 damage, and now have 61/141 hp.
You body-slam the cane toad!!
You constrict the cane toad.
You feel sick. The cane toad stings you.
* * * LOW HITPOINT WARNING * * *
The adder bites the plant.
The wolf spider barely misses you. x2
The basilisk gazes at you.
You are slowing down. 😨 HP[-7]
You take 7 damage, and now have 54/141 hp.
You body-slam the cane toad!!
You kill the cane toad!
You feel very sick.
The adder bites the bush.
The adder bites the plant.
The wolf spider hits you but does no damage.
The wolf spider bites you!
* * * LOW HITPOINT WARNING * * *
An adder comes into view.
The adder bites the bush.
The adder bites the plant.
The wolf spider barely misses you.
The wolf spider bites you but does no damage.
The basilisk bites you!
* * * LOW HITPOINT WARNING * * *
The adder bites the bush but does no damage.
Your limbs are stiffening. 😨 HP[-15]
You take 15 damage, and now have 39/141 hp.
The basilisk attacks as you move away! The basilisk barely misses you.
You feel sick.
The basilisk bites the plant!
The wolf spider hits you.
* * * LOW HITPOINT WARNING * * *
The wolf spider bites you but does no damage.
The adder bites something but does no damage.
You have turned to stone.
A nearby plant withers and dies.
The wolf spider hits you!
* * * LOW HITPOINT WARNING * * *
The wolf spider bites you but does no damage.
The basilisk bites the plant!
The plant begins to die.
The black mamba bites the plant.
The plant begins to die.
The adder bites the plant.
The wolf spider hits you but does no damage.
The wolf spider bites you but does no damage.
The black mamba bites the plant!
The basilisk bites the plant.
The wolf spider hits you!
* * * LOW HITPOINT WARNING * * *
The wolf spider bites you but does no damage.
The black mamba bites the plant.
The plant looks as sick as possible!
The black mamba poisons the plant!
The adder bites the plant.
The black mamba bites the plant.
The plant looks as sick as possible!
The black mamba poisons the plant!
The wolf spider hits you.
* * * LOW HITPOINT WARNING * * *
The wolf spider bites you.
* * * LOW HITPOINT WARNING * * *
The basilisk bites the plant!!
The adder bites the plant.
The plant is poisoned.
The adder poisons the plant!
The adder bites something but does no damage.
The black mamba bites the plant.
The wolf spider hits you but does no damage.
The wolf spider bites you but does no damage.
The black mamba bites the plant!
The adder bites the plant.
The plant looks even sicker.
The adder poisons the plant!
The wolf spider hits you!
* * * LOW HITPOINT WARNING * * *
The wolf spider bites you!
* * * LOW HITPOINT WARNING * * *
The adder bites something but does no damage.
The black mamba bites the plant.
The adder bites the plant.
The wolf spider is stunned by your conviction and fails to attack.
The adder bites something.
The black mamba bites the plant!
The plant looks as sick as possible!
The black mamba poisons the plant!
The adder bites the plant.
The komodo dragon bites the plant!
You redirect the wolf spider's attack!
The wolf spider hits the komodo dragon!!
The wolf spider bites the komodo dragon!
The komodo dragon looks as sick as possible!
The wolf spider poisons the komodo dragon!
The adder bites something but does no damage.
A nearby plant withers and dies. x2
The black mamba bites you but does no damage.
The wolf spider hits you but does no damage.
The wolf spider bites you.
* * * LOW HITPOINT WARNING * * *
The adder bites something but does no damage.
The black mamba bites you but does no damage.
The wolf spider hits you!
* * * LOW HITPOINT WARNING * * *
The wolf spider completely misses you.
The adder bites the fungus.
The fungus begins to die.
The basilisk begins to attack, but is stunned by your conviction!
The black mamba bites you.
* * * LOW HITPOINT WARNING * * *
The wolf spider hits you.
* * * LOW HITPOINT WARNING * * *
The wolf spider bites you.
* * * LOW HITPOINT WARNING * * *
The black mamba bites you!
* * * LOW HITPOINT WARNING * * *
The adder bites the plant.
The plant begins to die.
The wolf spider hits you.
You die...

Skill      XL: |  1  2  3  4  5  6  7  8  9 10 11 12 13 |
---------------+----------------------------------------+-----
Shapeshifting  | 4 5 7 8 10 11 13 | 13.0
Unarmed Combat | 4 5 6 7 9 10 | 10.6
Fighting       | 8 11 12 | 12.0
Dodging        | 4 8 |  8.6

Action                     |  1- 3 |  4- 6 |  7- 9 | 10-12 | 13-15 || total
---------------------------+-------+-------+-------+-------+-------++-------
  Melee: Unarmed           |    62 |   152 |   208 |   534 |    80 ||  1036
         Tailslap          |     4 |    15 |    28 |    35 |       ||    82
         Punch             |     1 |     3 |     9 |    24 |       ||    37
         Constrict         |       |       |       |    70 |    18 ||    88
 Invoke: Sacrifice Arcana  |       |       |     1 |       |       ||     1
         Sacrifice Purity  |       |       |     1 |       |       ||     1
         Reject Sacrifices |       |       |       |     1 |       ||     1
         Sacrifice Love    |       |       |       |     1 |       ||     1
Ability: Breathe Lightning |       |       |    10 |     9 |       ||    19
    Use: Scroll            |     2 |     6 |    12 |     5 |       ||    25
         Potion            |       |     2 |       |       |       ||     2
   Stab: Sleeping          |     2 |     1 |       |     1 |       ||     4
         Distracted        |       |     1 |       |     2 |       ||     3
 Armour: Skin              |    11 |    56 |    53 |   154 |    41 ||   315
  Dodge: Dodged            |    36 |    57 |   124 |   305 |    43 ||   565
   Form: Anaconda          |       |       |       |     1 |       ||     1

Levels and vault maps discovered:
D:1:      dpeg_arrival_water_temple_mockup, layout_basic
D:2:      layout_loops_corners, dilly_ecumenical_altar_fadedgnrine,
          nicolae_shop_unique_rings, uniq_natasha
D:3:      layout_basic, hangedman_abyss_or_decor_lesser_grid,
          minmay_misc_feat_roman
D:4:      layout_basic, cheibrodos_worm_habitat, minmay_temple_entry_junction
D:5:      layout_gridville, mainiacjoe_overflow_boulevard
D:6:      layout_basic, nicolae_tso_swordbearing_angel, minitemple, minivault_23
D:7:      layout_basic, kennysheep_little_box, nicolae_qazlal_eye_of_the_storm
D:8:      layout_basic
D:9:      layout_loops_ring, marbit_many_paths, grunt_lair_entry_orc_guard_hut,
          special_room [special_room_kobold], uniq_maurice
D:10:     layout_small_grid, serial_shops, nicolae_shop_window_shopping,
          nicolae_stop_n_shop_1, nicolae_shop_peninsula,
          chequers_serial_rivers_small_3
D:11:     layout_basic, grunt_dithmenos_smoke, uniq_gastronok
D:12:     layout_long_grid, erik_orc_2, gammafunk_ghost_icy
Temple:   nicolae_temple_ecumenical_triangle
Lair:1:   layout_cave_pods, basic_altar, beast_lair_carwin_7
Lair:2:   nzn_winding_woodlands_three_and_one
          [nzn_winding_woodlands_5x15_concentric,
          nzn_winding_woodlands_5x15_pathside_ponds,
          nzn_winding_woodlands_5x15_garden,
          nzn_winding_woodlands_center_triple_pond], layout_chaotic_city,
          skrybe_swamp_entry_bodies, guppyfry_lair_drakes
Lair:3:   minmay_lair_venomous_thicket, layout_gridlike,
          nicolae_snake_entry_squirm, lemuel_fruit_fields, uniq_urug

Notes
Turn   | Place    | Note
-------+----------+-------------------------------------------
     0 | D:1      | kae the Draconian Shapeshifter began the quest for the Orb.
     0 | D:1      | Reached XP level 1. HP: 16/16 MP: 1/1
     0 | D:1      | magus.rc [v1.11.3]
   164 | D:1      | You pick up a book of Conjurations and begin reading...
   164 | D:1      | You add the spells Magic Dart, Searing Ray and Fulminant
                  | Prism to your library.
   383 | D:1      | Reached XP level 2. HP: 20/23 MP: 2/2
   854 | D:2      | Reached XP level 3. HP: 17/28 MP: 3/3
  1203 | D:2      | Noticed Natasha
  1209 | D:2      | Killed Natasha
  1210 | D:2      | Reached skill level 4 in Shapeshifting
  1210 | D:2      | Reached XP level 4. HP: 30/35 MP: 4/4
  1312 | D:2      | Found Kaicatt's One-of-a-Kind Rings.
  1441 | D:2      | Noticed Natasha
  1445 | D:2      | Killed Natasha
  1529 | D:2      | Noticed Natasha
  1606 | D:2      | Killed Natasha
  1607 | D:2      | Reached skill level 4 in Unarmed Combat
  1748 | D:2      | Found a faded altar of an unknown god.
  1751 | D:2      | Reached XP level 5. HP: 40/40 MP: 5/5
  1878 | D:3      | Identified a scroll of acquirement
  1879 | D:3      | Acquired 543 gold pieces
  2058 | D:3      | You pick up a book of Decay and begin reading...
  2058 | D:3      | You add the spells Cigotuvi's Dreadful Rot, Dispel Undead
                  | and Death Channel to your library.
  2083 | D:3      | You pick up a book of Necromancy and begin reading...
  2083 | D:3      | You add the spells Necrotise, Vampiric Draining and Agony
                  | to your library.
  2725 | D:4      | HP: 10/40 [acid (6)]
  2726 | D:4      | HP: 3/40 [acid (6)]
  2921 | D:4      | Reached skill level 5 in Shapeshifting
  3041 | D:4      | Noticed a black bear
  3078 | D:4      | You pick up a book of Changes and begin reading...
  3078 | D:4      | You add the spells Wereblood and Irradiate to your library.
  3089 | D:4      | Reached XP level 6. HP: 47/47 MP: 6/6
  3218 | D:4      | Found a snail-covered altar of Cheibriados.
  3418 | D:4      | Found a staircase to the Ecumenical Temple.
  3467 | Temple   | Entered the Ecumenical Temple
  3487 | Temple   | Became a worshipper of Ru the Awakened
  3528 | D:5      | Entered Level 5 of the Dungeon
  3755 | D:5      | Reached skill level 5 in Unarmed Combat
  3930 | D:5      | Your scales start taking on a glossy black colour.
  3930 | D:5      | Reached XP level 7. HP: 46/52 MP: 7/7
  3930 | D:5      | Gained mutation: You are resistant to electric shocks.
                  | (rElec) [Black Draconian growth]
  4145 | D:5      | Reached skill level 6 in Shapeshifting
  4174 | D:5      | Gained mutation: You cannot study or cast Poison magic. [Ru
                  | sacrifice]
  4174 | D:5      | Gained mutation: You cannot study or cast Hexes magic. [Ru
                  | sacrifice]
  4174 | D:5      | Gained mutation: You cannot study or cast Summoning magic.
                  | [Ru sacrifice]
  4174 | D:5      | Reached * piety under Ru
  4221 | D:5      | Found a hide-covered altar of Uskayaw.
  4389 | D:4      | HP: 12/50 [goblin/+0 club (4)]
  4398 | D:4      | HP: 10/50 [bounced beam (3)]
  4398 | D:4      | HP: 1/50 [shot self (9)]
  4720 | D:4      | Reached skill level 6 in Unarmed Combat
  4888 | D:6      | Reached skill level 7 in Shapeshifting
  4905 | D:6      | Found a bloodstained altar of Trog.
  4912 | D:6      | Found a shadowy altar of Dithmenos.
  5153 | D:6      | Reached XP level 8. HP: 59/59 MP: 8/8
  5455 | D:6      | You pick up a book of Decay and begin reading...
  5512 | D:6      | Found a glowing golden altar of the Shining One.
  5775 | D:7      | Found a glowing silver altar of Zin.
  6231 | D:7      | Found a stormy altar of Qazlal.
  6301 | D:7      | Reached skill level 8 in Shapeshifting
  6496 | D:8      | Reached skill level 7 in Unarmed Combat
  6734 | D:8      | Reached XP level 9. HP: 59/64 MP: 9/9
  6797 | D:8      | Gained mutation: You occasionally shout uncontrollably at
                  | your foes. [Ru sacrifice]
  6939 | D:8      | You pick up a book of Cantrips and begin reading...
  7008 | D:8      | Reached skill level 9 in Shapeshifting
  7172 | D:8      | Noticed a two-headed ogre
  7187 | D:8      | Killed a two-headed ogre
  7188 | D:8      | Reached skill level 8 in Unarmed Combat
  7547 | D:9      | Reached skill level 10 in Shapeshifting
  7550 | D:9      | Reached skill level 9 in Unarmed Combat
  7555 | D:9      | HP: 13/64 [centaur/arrow (8)]
  7557 | D:9      | HP: 2/64 [centaur/arrow (9)]
  7771 | D:9      | Reached XP level 10. HP: 62/71 MP: 10/10
  7978 | D:9      | Found a blossoming altar of Fedhas.
  8004 | D:9      | Reached skill level 10 in Unarmed Combat
  8097 | D:9      | HP: 18/73 [bounced beam (5)]
  8098 | D:9      | Reached skill level 2 in Fighting
  8099 | D:9      | Reached skill level 3 in Fighting
  8154 | D:9      | Noticed Maurice
  8175 | D:9      | HP: 17/77 [something (8)]
  8176 | D:9      | HP: 8/77 [something (2)]
  8178 | D:9      | Killed Maurice
  8178 | D:9      | HP: 2/77 [shot self (7)]
  8179 | D:9      | Reached skill level 4 in Fighting
  8429 | D:9      | Found a staircase to the Lair.
  8894 | D:9      | Reached skill level 5 in Fighting
  9187 | D:9      | HP: 17/83 [orc warrior/+0 trident (9)]
  9188 | D:9      | HP: 7/83 [shot self (10)]
  9189 | D:9      | Reached skill level 6 in Fighting
  9498 | D:9      | Reached skill level 7 in Fighting
  9816 | D:10     | Entered Level 10 of the Dungeon
  9880 | D:10     | Reached skill level 8 in Fighting
  9880 | D:10     | Reached skill level 2 in Dodging
  9886 | D:10     | Reached skill level 3 in Dodging
  9977 | D:10     | Reached skill level 4 in Dodging
 10241 | D:10     | HP: 19/88 [yak (7)]
 10248 | D:10     | Reached XP level 11. HP: 23/94 MP: 11/11
 10548 | D:10     | Found Toblem's Magic Scroll Emporium.
 10559 | D:10     | Reached skill level 5 in Dodging
 10680 | D:10     | Bought 3 scrolls of identify for 90 gold pieces
 10690 | D:10     | Found Mowuaj's Distillery.
 10813 | D:10     | Found Umehi's Armour Shoppe.
 11122 | D:11     | Noticed Gastronok
 11140 | D:11     | HP: 13/94 [Gastronok (20)]
 11142 | D:11     | Killed Gastronok
 11143 | D:11     | Reached skill level 6 in Dodging
 11415 | D:11     | Found a shadowy altar of Dithmenos.
 11507 | D:11     | You pick up a book of Frost and begin reading...
 11507 | D:11     | You add the spells Freeze, Frozen Ramparts and Hailstorm to
                  | your library.
 11587 | D:11     | HP: 18/90 [bounced beam (13)]
 11734 | D:11     | Reached skill level 7 in Dodging
 11929 | D:11     | Identified the +5 ring mail "Oludekiebb" {Str+5 Int-3
                  | Stlth+}
 12847 | D:12     | Noticed a skeletal warrior
 12847 | D:12     | Noticed a skeletal warrior
 12854 | D:12     | Killed a skeletal warrior
 12855 | D:12     | Reached skill level 8 in Dodging
 12860 | D:12     | HP: 26/112 [skeletal warrior/+0 short sword (20)]
 12862 | D:12     | Killed a skeletal warrior
 13145 | D:12     | Noticed a deep elf pyromancer
 13159 | D:12     | Killed a deep elf pyromancer
 13411 | D:12     | Noticed a boulder beetle
 13416 | D:12     | Noticed a brown ugly thing
 13420 | D:12     | Killed a boulder beetle
 13421 | D:12     | Reached skill level 11 in Shapeshifting
 13426 | D:12     | Killed a brown ugly thing
 13448 | D:12     | Noticed a two-headed ogre
 13547 | D:12     | Killed a two-headed ogre
 13772 | D:12     | Found a staircase to the Orcish Mines.
 13857 | D:12     | Found a runed translucent gate.
 13857 | D:12     | Found a runed translucent gate.
 13857 | D:12     | Found a runed translucent gate.
 13885 | D:12     | HP: 23/112 [orc priest/divine providence (14)]
 13887 | D:12     | Reached XP level 12. HP: 20/101 MP: 12/12
 13891 | D:12     | HP: 12/121 [orc warrior/+0 glaive (9)]
 13893 | D:12     | HP: 4/121 [orc priest/arrow (6)]
 14211 | D:12     | HP: 28/121 [skeletal warrior/+0 hand axe (18)]
 14509 | D:12     | Noticed an ice dragon
 14510 | D:12     | Noticed Vourys Keda's ghost (journeyman DECj)
 14756 | D:11     | Reached skill level 12 in Shapeshifting
 14798 | Lair:1   | Entered Level 1 of the Lair of Beasts
 14942 | Lair:1   | Found a broken altar of Ashenzari.
 15147 | Lair:1   | HP: 14/121 [komodo dragon (21)]
 16152 | Lair:2   | Noticed a catoblepas
 16155 | Lair:2   | Noticed a seven-headed hydra
 16159 | Lair:2   | Killed a catoblepas
 16160 | Lair:2   | Reached skill level 13 in Shapeshifting
 16174 | Lair:1   | Killed a seven-headed hydra
 16175 | Lair:1   | HP: 23/123 [yak (11)]
 16182 | Lair:1   | HP: 17/123 [yak (2)]
 16186 | Lair:1   | Reached skill level 9 in Fighting
 16187 | Lair:1   | HP: 14/124 [yak (4)]
 16672 | Lair:2   | Gained mutation: You are hated by all. [Ru sacrifice]
 16672 | Lair:2   | Reached ** piety under Ru
 16684 | Lair:2   | Reached skill level 10 in Fighting
 17249 | Lair:2   | Found a staircase to the Swamp.
 17256 | Lair:2   | Reached skill level 11 in Fighting
 17466 | Lair:2   | Reached XP level 13. HP: 38/117 MP: 13/13
 17475 | Lair:2   | Reached skill level 12 in Fighting
 17809 | Lair:2   | You pick up a book of Vapours and begin reading...
 18052 | Lair:2   | HP: 27/141 [black mamba (13)]
 18053 | Lair:2   | HP: 13/141 [black mamba (14)]
 18867 | Lair:3   | HP: 34/141 [wolf spider (3)]
 18872 | Lair:3   | HP: 19/141 [wolf spider (1)]
 18873 | Lair:3   | HP: 7/141 [wolf spider (3)]
 18874 | Lair:3   | HP: 3/141 [black mamba (4)]
 18874 | Lair:3   | Slain by a wolf spider

Vanquished Creatures
  Gastronok (D:11)
  A hydra (Lair:1)
  A catoblepas (Lair:2)
  2 two-headed ogres
  A boulder beetle (D:12)
  2 death yaks (Lair:2)
  3 skeletal warriors (D:12)
  A bog body (Lair:2)
  A deep elf pyromancer (D:12)
  A wolf spider (Lair:3)
  An ugly thing (D:12)
  A black mamba (Lair:2)
  Maurice (D:9)
  2 gargoyles
  7 cane toads
  A kobold demonologist (D:9)
  A rime drake (Lair:3)
  A troll (D:12)
  13 komodo dragons
  A hornet (D:10)
  2 polar bears
  A shadow (D:11)
  2 wyverns
  3 wraiths
  A basilisk (Lair:3)
  37 yaks
  A steam dragon (D:8)
  7 vampire mosquitoes
  An acid dragon (D:12)
  10 water moccasins
  A black bear (D:4)
  5 orc warriors
  5 wolves (Lair:3)
  8 centaurs
  11 kobold brigands
  21 bullfrogs
  2 scorpions (D:5)
  12 wights
  3 killer bees (D:9)
  3 electric eels
  6 howler monkeys
  3 jellies
  6 orc priests
  3 hounds
  2 sleepcaps
  3 iguanas
  Natasha (thrice) (D:2)
  14 orc wizards
  13 adders
  A shadow imp (D:6)
  A white imp (D:6)
  2 ufetubi
  4 worms
  4 dart slugs
  35 orcs
  3 bats
  An endoplasm (D:1)
  A giant cockroach (D:1)
  3 goblins
  5 hobgoblins
  22 kobolds
  4 quokkas
  5 ball pythons
  2 frilled lizards
  3 rats
328 creatures vanquished.

Vanquished Creatures (others)
  A cane toad (Lair:2)
  A yak (D:10)
  A wolf (Lair:3)
  An orc wizard (D:12)
4 creatures vanquished.

Grand Total: 332 creatures vanquished

Table legend:
 A = Non-vault XP
 B = Vault XP
 C = Vault XP percentage of total XP
 D = Non-vault monster count
 E = Vault monster count
 F = Vault count percentage of total count
                 A         B        C        D         E       F
            +---------+---------+-------+---------+---------+-------
      Total |   29010 |   15384 |  34.7 |     257 |      74 |  22.4
            +---------+---------+-------+---------+---------+-------
        D:1 |      29 |       0 |   0.0 |      14 |       0 |   0.0
        D:2 |     132 |      35 |  21.0 |      14 |       1 |   6.7
        D:3 |      62 |       0 |   0.0 |      17 |       0 |   0.0
        D:4 |     748 |       5 |   0.7 |      24 |       1 |   4.0
        D:5 |     309 |       0 |   0.0 |       8 |       0 |   0.0
        D:6 |     649 |       0 |   0.0 |      20 |       0 |   0.0
        D:7 |     210 |       0 |   0.0 |       7 |       0 |   0.0
        D:8 |    2083 |       0 |   0.0 |      24 |       0 |   0.0
        D:9 |    2476 |    2210 |  47.2 |      32 |      18 |  36.0
       D:10 |    2550 |       0 |   0.0 |      14 |       0 |   0.0
       D:11 |    3073 |    1528 |  33.2 |      18 |       1 |   5.3
       D:12 |    6991 |     622 |   8.2 |      21 |      19 |  47.5
     Lair:1 |    2384 |    3643 |  60.4 |       9 |      12 |  57.1
     Lair:2 |    5365 |    6559 |  55.0 |      24 |      19 |  44.2
     Lair:3 |    1949 |     782 |  28.6 |      11 |       3 |  21.4
            +---------+---------+-------+---------+---------+-------

Skill      XL: |  1  2  3  4  5  6  7  8  9 10 11 12 13 |
---------------+----------------------------------------+-----
Shapeshifting  | 4 5 7 8 10 11 13 | 13.0
Unarmed Combat | 4 5 6 7 9 10 | 10.6
Fighting       | 8 11 12 | 12.0
Dodging        | 4 8 |  8.6

Action                     |  1- 3 |  4- 6 |  7- 9 | 10-12 | 13-15 || total
---------------------------+-------+-------+-------+-------+-------++-------
  Melee: Unarmed           |    62 |   152 |   208 |   534 |    80 ||  1036
         Tailslap          |     4 |    15 |    28 |    35 |       ||    82
         Punch             |     1 |     3 |     9 |    24 |       ||    37
         Constrict         |       |       |       |    70 |    18 ||    88
 Invoke: Sacrifice Arcana  |       |       |     1 |       |       ||     1
         Sacrifice Purity  |       |       |     1 |       |       ||     1
         Reject Sacrifices |       |       |       |     1 |       ||     1
         Sacrifice Love    |       |       |       |     1 |       ||     1
Ability: Breathe Lightning |       |       |    10 |     9 |       ||    19
    Use: Scroll            |     2 |     6 |    12 |     5 |       ||    25
         Potion            |       |     2 |       |       |       ||     2
   Stab: Sleeping          |     2 |     1 |       |     1 |       ||     4
         Distracted        |       |     1 |       |     2 |       ||     3
 Armour: Skin              |    11 |    56 |    53 |   154 |    41 ||   315
  Dodge: Dodged            |    36 |    57 |   124 |   305 |    43 ||   565
   Form: Anaconda          |       |       |       |     1 |       ||     1

Illustrated notes

Table legend:
 A = Kills in this place as a percentage of kills in the entire game.
 B = Kills by you in this place as a percentage of kills by you in the entire game.
 C = Kills by friends in this place as a percentage of kills by friends in the entire game.
 D = Other kills in this place as a percentage of other kills in the entire game.
 E = Experience gained in this place as a percentage of experience gained in the entire game.
 F = Experience gained in this place divided by the number of levels of this place that you have seen.
                   A       B       C       D       E      F
               +-------+-------+-------+-------+-------+----------------------
         Total | 100.0 | 100.0 |   N/A | 100.0 | 100.0 | 2774.6
       Dungeon |  76.4 |  76.8 |   N/A |  50.0 |  53.4 | 1976.0
          Lair |  23.6 |  23.2 |   N/A |  50.0 |  46.6 | 6894.0
               +-------+-------+-------+-------+-------+----------------------

Table legend: (Time is in decaauts)
 A = Elapsed time spent in this place.
 B = Non-inter-level travel time spent in this place.
 C = Inter-level travel time spent in this place.
 D = Time resting spent in this place.
 E = Time spent auto-exploring this place.
 F = Levels seen in this place.
 G = Mean time per level.
                   A        B        C        D        E       F      G
               +--------+--------+--------+--------+--------+-----+--------+
         Total |  18762 |  18252 |    510 |   4558 |  11539 |  16 | 1172.6 |
       Dungeon |  14696 |  14263 |    433 |   3001 |   9513 |  12 | 1224.7 |
        Temple |     37 |     20 |     17 |      0 |      0 |   1 |   37.0 |
          Lair |   4028 |   3969 |     59 |   1557 |   2026 |   3 | 1342.7 |
               +--------+--------+--------+--------+--------+-----+--------+

Top non-repeatable levels by time:
     D:9: 2236 daAuts
  Lair:2: 2026 daAuts
    D:12: 1982 daAuts
    D:11: 1655 daAuts
  Lair:1: 1636 daAuts
     D:4: 1269 daAuts
     D:8: 1259 daAuts
    D:10: 1197 daAuts
     D:2: 1074 daAuts
     D:6: 929 daAuts
     D:5: 821 daAuts
     D:3: 792 daAuts
     D:1: 787 daAuts
     D:7: 689 daAuts
  Lair:3: 365 daAuts
